 Dungeon Crawl Stone Soup version 0.27.0-1-g7a089689b8 (webtiles) character file.

Game seed: 1393023189339311912

165 dtburroughs the Skirmisher (level 5, 0/47 HPs)
             Began as a Minotaur Berserker on Aug 4, 2021.
             Was a Believer of Trog.
             Slain by a gnoll (4 damage)
             ... on level 3 of the Dungeon.
             The game lasted 00:02:35 (1803 turns).

dtburroughs the Skirmisher (Minotaur Berserker)     Turns: 1803, Time: 00:02:36

Health: 0/47       AC: 13    Str: 22    XL:     5   Next: 22%
Magic:  4/4        EV: 11    Int:  5    God:    Trog [**....]
Gold:   65         SH:  0    Dex:  9    Spells: 4/4 levels left

rFire    . . .     SeeInvis .   a - +0 hand axe
rCold    + . .     Faith    .   (no shield)
rNeg     . . .     Spirit   .   h - +2 ring mail {rC+}
rPois    .         Reflect  .   (helmet restricted)
rElec    .         Harm     .   (no cloak)
rCorr    .         Rampage  .   i - +0 pair of gloves
Will     .....                  (no boots)
Stlth    ..........             (no amulet)
HPRegen  0.15/turn              f - +4 ring of protection
MPRegen  0.09/turn              (no ring)

@: on berserk cooldown, slowed, very slow
A: horns 2, retaliatory headbutt
a: Renounce Religion, Berserk, Trog's Hand


You were on level 3 of the Dungeon.
You worshipped Trog.
Trog was pleased with you.
You visited 1 branch of the dungeon, and saw 3 of its levels.

You collected 65 gold pieces.

Inventory:

Hand Weapons
 a - a +0 hand axe (weapon)
Armour
 b - a +0 animal skin
 e - a +0 scale mail
 h - a +2 ring mail of cold resistance (worn)
 i - a +0 pair of gloves (worn)
 j - a +0 chain mail
Jewellery
 f - a +4 ring of protection (left hand)
Scrolls
 d - a scroll of silence {unknown}
 k - a scroll of enchant armour {unknown}
Potions
 c - 2 potions of mutation {unknown}
 g - a potion of ambrosia {unknown}


   Skills:
 + Level 4.7 Fighting
 + Level 4.7 Axes
 + Level 3.9 Armour
 + Level 3.5 Dodging


You had 4 spell levels left.
You didn't know any spells.
Your spell library was empty.

Dungeon Overview and Level Annotations

Branches:
Dungeon (3/15)

Altars:
Xom


Innate Abilities, Weirdness & Mutations

You have a pair of horns on your head.
You reflexively headbutt those who attack you in melee.


Message History

The gnoll hits you from afar with a +0 halberd.
The gnoll hits you but does no damage.
You feel sick. The gnoll barely misses you.
The gnoll hits you with a +0 halberd.
* * * LOW HITPOINT WARNING * * *
You hit the gnoll.
The gnoll is moderately wounded.
You feel sick.
You slash the gnoll!
You kill the gnoll!
Trog accepts your kill.
You feel sick. The gnoll hits you but does no damage.
The gnoll hits you but does no damage.
You see here a +0 halberd.
You feel a strong urge to attack something.
A rat comes into view.
You are no longer berserk.
You are exhausted.
You feel yourself slow down.
You feel sick.
You feel sick.
The gnoll hits you from afar with a +0 spear.
* * * LOW HITPOINT WARNING * * *
You feel sick.
You are no longer poisoned.
The rat closely misses you. x2; The gnoll closely misses you.
You barely miss the rat. The rat closely misses you. You furiously retaliate!
You headbutt the rat!
You kill the rat!
Trog accepts your kill. The gnoll hits you but does no damage.
The gnoll closely misses you.
The gnoll hits you from afar with a +0 spear.
* * * LOW HITPOINT WARNING * * *
The gnoll barely misses you.
Found a stone staircase leading down.
The gnoll closely misses you.
The gnoll hits you from afar with a +0 spear.
* * * LOW HITPOINT WARNING * * *
The gnoll hits you from afar with a +0 spear.
You die...

###### .. ##....#
..####.....# ...........#
...........###############
.#....#... ..............#
.........###......<......#
...##.....@..............#
...##...g###.............#
.........#########.#######
.#....#.........#.........
................#†).......
................).........
.......................$..
>..............##.........
.#######.....#.##......##.


You could see a gnoll.

Vanquished Creatures
  Natasha (thrice) (D:2)
  2 adders (D:2)
  2 gnolls (D:3)
  A dart slug (D:1)
  9 ball pythons
  6 endoplasms
  3 giant cockroaches
  3 goblins (D:1)
  4 hobgoblins
  4 jackals (D:1)
  A quokka (D:2)
  6 bats
  4 frilled lizards
  3 kobolds
  6 rats
57 creatures vanquished.

Notes
Turn   | Place    | Note
-------+----------+-------------------------------------------
     0 | D:1      | dtburroughs the Minotaur Berserker began the quest for the
                  | Orb.
     0 | D:1      | Reached XP level 1. HP: 19/19 MP: 0/0
   125 | D:1      | Reached XP level 2. HP: 26/27 MP: 1/1
   441 | D:1      | Reached ** piety under Trog
   645 | D:1      | Reached XP level 3. HP: 32/33 MP: 2/2
   864 | D:2      | Found a shimmering altar of Xom.
   869 | D:2      | Noticed Natasha
   889 | D:2      | Killed Natasha
   890 | D:2      | Reached XP level 4. HP: 29/41 MP: 3/3
  1109 | D:2      | Noticed Natasha
  1119 | D:2      | Killed Natasha
  1426 | D:2      | Noticed Natasha
  1437 | D:2      | Killed Natasha
  1529 | D:2      | Noticed a golden eye
  1531 | D:2      | Found a faded altar of an unknown god.
  1533 | D:2      | Noticed a great orb of eyes
  1533 | D:2      | Noticed a floating eye
  1533 | D:2      | Noticed a golden eye
  1689 | D:2      | Reached XP level 5. HP: 47/47 MP: 4/4
  1803 | D:3      | Slain by a gnoll

Illustrated notes

Levels and vault maps discovered:
D:1:      onia_arrival_handbag, layout_loops_ring, minmay_surrounded
D:2:      layout_basic, hellmonk_ecumenical_altar_watching_god, basic_altar,
          uniq_natasha
D:3:      layout_basic, amcnicky_altar_gilded,
          hangedman_abyss_or_decor_lesser_grid, chequers_serial_rivers_room_b,
          skrybe_limestone_x

Skill      XL: |  1  2  3 |
---------------+----------+-----
Fighting       | 4 |  4.7
Axes           | 4 |  4.7
Armour         | 3 |  3.9
Dodging        | 3 |  3.5

Action                   |  1- 3 |  4- 6 || total
-------------------------+-------+-------++-------
Melee: Hand axe          |    72 |    59 ||   131
       Headbutt          |     6 |     4 ||    10
Invok: Berserk           |       |     1 ||     1
Armor: Scale mail        |    29 |       ||    29
       Animal skin       |     1 |       ||     1
       Ring mail         |     6 |    28 ||    34
Dodge: Dodged            |    46 |    47 ||    93
